 Dungeon Crawl Stone Soup version 0.21-a0-150-gc243083 (webtiles) character file.

4339 Manul the Spear-Bearer (level 10, -2/76 HPs)
             Began as a Mummy Gladiator on July 27, 2017.
             Was an Initiate of Gozag.
             Slain by a centaur zombie (5 damage)
             ... on level 9 of the Dungeon.
             The game lasted 00:16:09 (12694 turns).

Manul the Spear-Bearer (Mummy Gladiator)           Turns: 12694, Time: 00:16:10

Health: -2/76      AC:  2    Str: 18    XL:     10   Next: 12%
Magic:  0/11       EV: 12    Int: 13    God:    Gozag
Gold:   617        SH:  0    Dex: 13    Spells: 9/9 levels left

rFire    + . .     SeeInvis .   a - +1 trident
rCold    + . .     Gourm    .   (no shield)
rNeg     + + +     Faith    .   u - +1 ring mail {rN+}
rPois    ∞         Spirit   +   c - +1 helmet
rElec    +         Reflect  +   r - scarf {Spirit}
rCorr    .         Harm     .   s - +0 pair of gloves of Limited Liability {rElec rPois rF++ Dex-3}
MR       ++...                  (no boots)
Stlth    ..........             q - +3 amulet of reflection
HPRegen  0.22/turn              m - ring of protection from magic
MPRegen  0.12/turn              b - +5 ring of intelligence

@: confused, corroded
A: no food or potions, fire vulnerability, cold resistance 1, negative energy
resistance 3, torment resistance, unbreathing
a: Potion Petition, Call Merchant, Bribe Branch, Renounce Religion


You were on level 9 of the Dungeon.
You worshipped Gozag.
Gozag was pleased with you.
You were not hungry.

You visited 2 branches of the dungeon, and saw 10 of its levels.
You also visited: Ossuary.

You collected 1314 gold pieces.
You spent 646 gold pieces at shops.
You paid 51 gold pieces to Gozag.

Inventory:

Hand Weapons
 a - a +1 trident (weapon)
 n - a +0 battleaxe
Armour
 c - a +1 helmet (worn)
 f - a +0 chain mail
 h - the +1 chain mail "Bimon" {-Tele Dex+2 Stlth+}
   (You bought it in a shop on level 6 of the Dungeon)

   It affects your dexterity (+2).
   It prevents most forms of teleportation.
   It makes you more stealthy.
 r - a scarf of spirit shield (worn)
 s - the +0 pair of gloves of Limited Liability (worn) {rElec rPois rF++ Dex-3}
   (You bought it in a shop on level 6 of the Dungeon)

   It affects your dexterity (-3).
   It greatly protects you from fire.
   It insulates you from electricity.
   It protects you from poison.
 u - a +1 ring mail of positive energy (worn)
Jewellery
 b - a +5 ring of intelligence (right hand)
 m - a ring of protection from magic (left hand)
 q - a +3 amulet of reflection (around neck)
 t - an uncursed ring of protection from magic
 w - a +4 ring of intelligence
Wands
 d - a wand of lightning (0/15)
 i - a wand of flame (0/48)
 l - a wand of enslavement (1/24)
 v - a wand of iceblast (9/15)
 x - a wand of lightning (0/15)
Scrolls
 e - a scroll of amnesia
 g - 2 scrolls of identify
 j - 4 scrolls of remove curse
 k - 4 scrolls of enchant weapon
 y - a scroll of brand weapon {unknown}
 z - a scroll of fog {unknown}
Books
 o - a book of Necromancy

   Spells                             Type                      Level
   a - Pain                           Necromancy                   1
   b - Animate Skeleton               Necromancy                   1
   c - Vampiric Draining              Necromancy                   3
   d - Regeneration                   Charms/Necromancy            3
   e - Animate Dead                   Necromancy                   4
   f - Control Undead                 Necromancy                   4
 p - a book of Changes

   Spells                             Type                      Level
   a - Beastly Appendage              Transmutation                1
   b - Sticks to Snakes               Transmutation                2
   c - Spider Form                    Transmutation/Poison         3
   d - Ice Form                       Ice/Transmutation            4
   e - Blade Hands                    Transmutation                5


   Skills:
 + Level 6.2 Fighting
 - Level 0.1(5.5) Axes
 + Level 9.0 Polearms
 - Level 1.6 Throwing
 + Level 6.1 Armour
 + Level 3.8 Dodging
 + Level 1.9 Evocations


You had 9 spell levels left.
You didn't know any spells.

Dungeon Overview and Level Annotations

Branches:
Dungeon (9/15)             Temple (1/1) D:5
   Lair: D:8-11         Orc: D:9-12

Altars:
Ashenzari
Cheibriados
Dithmenos
Elyvilon
Gozag
Hepliaklqana
Makhleb
Nemelex Xobeh
Okawaru
Qazlal
Ru
Sif Muna
Vehumet
Wu Jian
Yredelemnul
Zin

Shops:
D:6 [   D:8 *


Innate Abilities, Weirdness & Mutations

You do not eat or drink.
Your flesh is vulnerable to fire.
You are immune to poison.
Your flesh is cold resistant. (rC+)
You are immune to negative energy. (rN+++)
You are immune to unholy pain and torment.
You can survive without breathing.


Message History

* * * LOW HITPOINT WARNING * * *
The black bear claws you.
* * * LOW HITPOINT WARNING * * *
You hit the black bear but do no damage.
The centaur zombie barely misses you.
Unknown command.
You barely miss the black bear. The centaur zombie closely misses you.
The black bear barely misses you. The black bear claws you.
* * * LOW HITPOINT WARNING * * *
The black bear claws you but does no damage.
You bump into the rock wall.
The centaur zombie hits you.
* * * LOW HITPOINT WARNING * * *
The bullfrog releases a deep croak.
The black bear bites you.
* * * LOW HITPOINT WARNING * * *
The black bear claws you.
* * * LOW HITPOINT WARNING * * *
The black bear misses you. The centaur zombie hits you.
You die...
Your body crumbles into a pile of gold.

...... .......
.>.....## #####
....<>..#####@hY#
........#..FZ.#W#
..........#####.#
..........# #..#
.........# #.##
.........# #J#
#.....#.## #G#
#.#####.# #Y#
#.###...######W##


You could see a yak, a phantom, a black bear shaped shifter, a bullfrog and a
centaur zombie.

Vanquished Creatures
  The ghost of gorpus the Digger, an amateur OpEE of Ashenzari (D:3)
  2 hippogriffs (D:7)
  A spriggan (D:7)
  A hungry ghost (D:9)
  Menkaure (D:4)
  A water moccasin (D:9)
  An ice beast (D:7)
  3 orc warriors
  2 black bears
  3 ogres (D:4)
  A sky beast (D:5)
  3 centaurs
  A big kobold (D:7)
  Blork the orc (D:6)
  3 bullfrogs
  5 scorpions
  A water moccasin skeleton (D:8)
  3 killer bees (D:7)
  2 jellies
  2 howler monkeys (D:4)
  3 crimson imps
  2 centaur zombies (Ossuary)
  5 orc priests
  6 hounds
  6 orc wizards
  2 iguanas
  5 worker ants
  A hound skeleton (D:7)
  10 adders
  A howler monkey skeleton (D:7)
  2 shadow imps (D:6)
  2 adder zombies
  An adder skeleton (D:5)
  3 worms
  3 dart slugs
  4 leopard geckos
  28 orcs
  4 giant cockroaches
  6 goblins
  4 hobgoblins (D:1)
  14 jackals
  8 kobolds
  A quokka (D:8)
  4 ball pythons
  7 bats
  6 frilled lizards
  7 hobgoblin zombies (Ossuary)
  2 jackal zombies (Ossuary)
  4 kobold zombies (Ossuary)
  A leopard gecko skeleton (D:9)
  9 orc zombies (Ossuary)
  A quokka zombie (D:6)
  A rat (D:3)
  A rat zombie (D:6)
202 creatures vanquished.

Vanquished Creatures (collateral kills)
  A sky beast (D:6)
  A scorpion (D:7)
  A killer bee (D:7)
  A howler monkey (D:6)
  An orc wizard (D:6)
  An adder (D:6)
6 creatures vanquished.

Vanquished Creatures (others)
  A worker ant (D:6)
  A fungus (D:9)
2 creatures vanquished.

Grand Total: 210 creatures vanquished

Notes
Turn   | Place    | Note
-------+----------+-------------------------------------------
     0 | D:1      | Manul the Mummy Gladiator began the quest for the Orb.
     0 | D:1      | Reached XP level 1. HP: 16/16 MP: 1/1
   215 | D:1      | Reached XP level 2. HP: 22/22 MP: 2/2
   811 | D:2      | Reached skill level 3 in Polearms
   811 | D:2      | Reached XP level 3. HP: 22/27 MP: 3/3
   921 | D:2      | Found a shadowy altar of Dithmenos.
  1383 | D:2      | Found a snail-covered altar of Cheibriados.
  1506 | D:3      | Reached XP level 4. HP: 33/33 MP: 4/4
  1985 | D:3      | Noticed gorpus's ghost (amateur OpEE)
  2019 | D:3      | Found a deep blue altar of Sif Muna.
  2508 | D:4      | Noticed an ogre
  2517 | D:4      | Killed an ogre
  2517 | D:4      | Reached skill level 1 in Armour
  2517 | D:4      | Reached XP level 5. HP: 3/40 MP: 5/5
  2941 | D:4      | Noticed Menkaure
  2959 | D:5      | Entered Level 5 of the Dungeon
  2962 | D:5      | Reached skill level 4 in Polearms
  3669 | D:5      | Reached XP level 6. HP: 43/47 MP: 6/6
  3776 | D:5      | Found an opulent altar of Gozag.
  3784 | D:5      | Became a worshipper of Gozag Ym Sagoz the Greedy
  3928 | D:5      | Found a shattered altar of Ashenzari.
  3928 | D:5      | Found an iron altar of Okawaru.
  4109 | D:5      | Found an opulent altar of Gozag.
  4110 | D:5      | Found a white marble altar of Elyvilon.
  4110 | D:5      | Found a glowing silver altar of Zin.
  4110 | D:5      | Found a hazy altar of Hepliaklqana.
  4110 | D:5      | Found a burning altar of Makhleb.
  4110 | D:5      | Found a shadowy altar of Dithmenos.
  4110 | D:5      | Found a glowing silver altar of Zin.
  4110 | D:5      | Found a sparkling altar of Nemelex Xobeh.
  4110 | D:5      | Found a shattered altar of Ashenzari.
  4110 | D:5      | Found a radiant altar of Vehumet.
  4150 | D:5      | Found a staircase to the Ecumenical Temple.
  4537 | D:4      | Killed Menkaure
  4537 | D:4      | Reached XP level 7. HP: 35/52 MP: 7/7
  5118 | D:4      | Reached skill level 5 in Polearms
  6389 | D:3      | Found a basalt altar of Yredelemnul.
  6565 | D:3      | Killed gorpus's ghost
  6658 | D:4      | Reached XP level 8. HP: 52/60 MP: 6/8
  6871 | D:6      | Reached skill level 6 in Polearms
  7023 | D:6      | Found a sand-covered staircase.
  7031 | Ossuary  | Entered an ossuary
  8117 | Temple   | Entered the Ecumenical Temple
  8497 | D:7      | Reached skill level 7 in Polearms
  8555 | D:7      | Reached skill level 5 in Armour
  8943 | D:7      | Reached skill level 5 in Fighting
  8943 | D:7      | Reached XP level 9. HP: 62/68 MP: 9/9
  9094 | D:6      | Reached skill level 1 in Evocations
  9273 | D:6      | Found a stormy altar of Qazlal.
  9441 | D:6      | Found Hyttur's Antique Armour Boutique.
  9514 | D:6      | Bought a faintly humming chain mail for 323 gold pieces
  9514 | D:6      | Bought a pair of ichor-stained gloves for 323 gold pieces
  9548 | D:5      | Identified the +0 pair of gloves of Limited Liability {rElec rPois rF++ Dex-3} (You bought it in a shop on level 6 of the Dungeon)
  9558 | D:5      | Identified the +1 chain mail "Bimon" {-Tele Dex+2 Stlth+} (You bought it in a shop on level 6 of the Dungeon)
 10493 | D:7      | Reached skill level 8 in Polearms
 11295 | D:6      | Noticed Blork the orc
 11308 | D:6      | Killed Blork the orc
 11910 | D:8      | Found Tarad's General Store.
 11966 | D:8      | Found a sacrificial altar of Ru.
 11970 | D:8      | Found a shattered altar of Ashenzari.
 11975 | D:8      | Found an ornate altar of the Wu Jian Council.
 12520 | D:8      | Reached XP level 10. HP: 76/76 MP: 11/11
 12638 | D:9      | Reached skill level 9 in Polearms
 12694 | D:9      | HP: 3/76 [black bear (shapeshifter) (1)]
 12694 | D:9      | Slain by a centaur zombie

Vault maps used:
D:1:      eino_arrival_water_cross, minmay_pentomino_u2
D:2:      cheibriados_altar_1, grunt_dithmenos_smoke
D:3:      yredelemnul_altar_generic, led_sif_pool
D:4:      hangedman_decor_riveting, uniq_menkaure
D:5:      grunt_gozag_breadcrumbs, temple_doors_ab, first_bread
D:6:      nicolae_qazlal_eye_of_the_storm, enter_ossuary_4, serial_shops,
          nicolae_shop_waterfront, uniq_blork_the_orc
D:7:      the_bakery, kennysheep_cross_bottleneck
D:8:      minmay_overflow_temple_star_quad, serial_shops, shop
D:9:      minmay_the_grid_triangle_9x9_recursive_2_mashed,
          grunt_lair_entry_orc_guard_hut, lightli_fourway_metalbox, uniq_pikel
Temple:   regret_index_temple_waves
Ossuary:  ossuary_tomb_1

Skill      XL: |  1  2  3  4  5  6  7  8  9 10 |
---------------+-------------------------------+-----
Polearms       | 3 4 5 7 8 9 |  9.0
Dodging        | 3 |  3.8
Armour         | 1 2 3 5 6 |  6.1
Fighting       | 3 4 5 6 |  6.2
Evocations     | 1 |  1.9
Axes           | |  0.1
Throwing       | |  1.6

Action                   |  1- 3 |  4- 6 |  7- 9 | 10-12 || total
-------------------------+-------+-------+-------+-------++-------
Melee: Trident           |   153 |   173 |   761 |    79 ||  1166
       Battleaxe         |       |    21 |       |       ||    21
Throw: Throwing net      |       |     5 |     2 |       ||     7
Invok: Potion Petition   |       |       |     1 |       ||     1
Evoke: Wand              |       |       |    22 |     1 ||    23
  Use: Scroll            |       |     4 |     8 |     1 ||    13
 Stab: Held in net/web   |       |       |     2 |       ||     2
       Distracted        |       |       |     2 |       ||     2
Armor: Chain mail        |    73 |    85 |   252 |       ||   410
       Leather armour    |     1 |       |       |       ||     1
       Ring mail         |       |       |    44 |    24 ||    68
Dodge: Dodged            |    56 |    72 |   305 |    48 ||   481
Block: Other             |       |     9 |    77 |    10 ||    96
       Reflection        |       |       |     2 |       ||     2
